 Dungeon Crawl Stone Soup version 0.27.0-1-g7a089689b8 (console) character file.

Game seed: 4120450029456248768

711365 Mandevil the Axe Maniac (level 27, 0/283 (286) HPs)
             Began as a Minotaur Berserker on Aug 15, 2021.
             Was a High Priest of Trog.
             Slain by Juidd the pandemonium lord (1 damage)
             ... on level 14 of the Dungeon.
             The game lasted 03:02:43 (76921 turns).

Mandevil the Axe Maniac (Minotaur Berserker)       Turns: 76921, Time: 03:02:44

HP:   0/283 (286)   AC: 47    Str: 26    XL:     27
MP:   22/22         EV: 16    Int:  2    God:    Trog [*****.]
Gold: 3321          SH:  0    Dex: 15    Spells: 26/26 levels left

rFire    + + +     SeeInvis +   a - +12 battleaxe {vorpal, rC+ rN+ Str-3}
rCold    + + .     Faith    .   (shield currently unavailable)
rNeg     + + .     Spirit   .   Y - +10 gold dragon scales
rPois    +         Reflect  .   c - +2 hat
rElec    .         Harm     .   q - +2 cloak
rCorr    +         Rampage  .   W - +2 pair of gloves
Will     +++..                  e - +2 pair of boots {Stlth+}
Stlth    ..........             E - amulet of the City {Acrobat rF+}
HPRegen  0.57/turn              p - ring "Vexikiu" {rN+ Will+ Slay+3}
MPRegen  0.18/turn              h - ring of Aristemu {rF+ rCorr Str-5 Dex+4 SInv}

@: mighty, berserking, corroded, slightly contaminated, slowed, lost
intelligence, studying 2 skills, lightly drained, invisible
A: horns 2, retaliatory headbutt, fire resistance 1, [dopey 1], frail 1[+2]
0: Orb of Zot
}: 3/15 runes: barnacled, silver, gossamer
a: Renounce Religion, Berserk, Trog's Hand, Brothers in Arms


You were on level 14 of the Dungeon.
You worshipped Trog.
Trog was extremely pleased with you.
You visited 10 branches of the dungeon, and saw 52 of its levels.
You also visited: Bailey, Gauntlet, Ice Cave and Volcano.

You collected 7898 gold pieces.
You spent 4577 gold pieces at shops.

Inventory:

Hand Weapons
 a - the +12 battleaxe of Plague (weapon) {vorpal, rC+ rN+ Str-3}
   (Trog gifted it to you on level 5 of the Depths)

   It inflicts extra damage upon your enemies.
   Str:       It affects your strength (-3).
   rC:        It protects you from cold.
   rN:        It protects you from negative energy.
 b - the +6 arbalest of the Endless Expanse {flame, rElec}
   (You found it in a Gauntlet)

   Any ammunition fired from it burns those it strikes, dealing additional fire
   damage.
   rElec:     It insulates you from electricity.
 f - a +5 executioner's axe of flaming
 m - a +9 antimagic executioner's axe
Missiles
 H - 1336 bolts
 T - 10 curare-tipped darts
 V - 12 javelins (quivered)
Armour
 c - a +2 hat (worn)
 e - a +2 pair of boots of stealth (worn)
 q - a +2 cloak (worn)
 W - a +2 pair of gloves (worn)
 Y - +10 gold dragon scales (worn)
Jewellery
 h - the ring of Aristemu (right hand) {rF+ rCorr Str-5 Dex+4 SInv}
   (You bought it in a shop on level 1 of the Depths)

   [ring of see invisible]

   Str:       It affects your strength (-5).
   Dex:       It affects your dexterity (+4).
   rF:        It protects you from fire.
   SInv:      It lets you see invisible.
   rCorr:     It protects you from acid and corrosion.
 n - a ring of willpower
 p - the ring "Vexikiu" (left hand) {rN+ Will+ Slay+3}
   (You bought it in a shop on level 5 of the Depths)

   [ring of positive energy]

   Slay:      It affects your accuracy & damage with ranged weapons and melee
   (+3).
   rN:        It protects you from negative energy.
   Will:      It increases your willpower.
 s - the ring of the Gloaming {rPois rF+ Stlth+}
   (You bought it in a shop on level 1 of the Depths)

   [ring of protection from fire]

   rF:        It protects you from fire.
   rPois:     It protects you from poison.
   Stlth:     It makes you more stealthy.
 E - the amulet of the City (around neck) {Acrobat rF+}
   (You found it on level 2 of the Depths)

   [amulet of the acrobat]

   It increases your evasion while moving and waiting.
   rF:        It protects you from fire.
 J - the brooch of Shielding {Spirit SH+8}
   (You found it on level 4 of the Lair of Beasts)

   [amulet of guardian spirit]

   It causes incoming damage to be divided between your reserves of health and
   magic.
   SH:        It affects your SH (+8).
 U - the ring "Byeb" {Fly rC+}
   (You found it in a Gauntlet)

   [ring of flight]

   rC:        It protects you from cold.
   Fly:       It grants you flight.
 Z - a ring of protection from fire
Wands
 i - a wand of digging (34)
 k - a wand of acid (10)
 l - a wand of flame (259)
 t - a wand of iceblast (63)
 F - a wand of mindburst (71)
 L - a wand of polymorph (48)
 N - a wand of charming (7)
 Q - a wand of paralysis (29)
Scrolls
 d - 23 scrolls of teleportation
 r - 4 scrolls of summoning
 x - 5 scrolls of blinking
 D - 10 scrolls of fear
 G - 3 scrolls of holy word
 M - 4 scrolls of silence
 O - 3 scrolls of fog
 P - 37 scrolls of identify
 S - 12 scrolls of magic mapping
Potions
 g - 32 potions of curing
 j - 4 potions of resistance
 o - 9 potions of haste
 v - 3 potions of invisibility
 z - 10 potions of heal wounds
 A - 6 potions of lignification
 B - 8 potions of might
 C - 12 potions of mutation
 K - 4 potions of cancellation
 R - 7 potions of ambrosia
Miscellaneous
 u - a phantom mirror
 w - a condenser vane (inert)
 y - a tin of tremorstones (inert)
 I - a box of beasts


   Skills:
 O Level 27 Fighting
 O Level 27 Axes
 - Level 18.0 Crossbows
 O Level 27 Armour
 + Level 21.2 Dodging
 + Level 19.6 Evocations


You had 26 spell levels left.
You didn't know any spells.
Your spell library was empty.

Dungeon Overview and Level Annotations

Branches:
Dungeon (15/15)            Temple (0/1) D:4            Lair (6/6) D:8
 Shoals (4/4) Lair:4       Spider (4/4) Lair:3        Slime (0/5) Lair:5
    Orc (2/2) D:9             Elf (3/3) Orc:2        Vaults (5/5) D:14
  Crypt (3/3) Vaults:3       Tomb (0/3) Crypt:3      Depths (5/5) D:15
    Zot (5/5) Depths:5     Bailey (visited)           IceCv (visited)
Volcano (visited)         Gauntlet (visited)

Altars:
Ashenzari
Cheibriados
Elyvilon
Fedhas
Gozag
Hepliaklqana
Kikubaaqudgha
Makhleb
Nemelex Xobeh
Okawaru
Qazlal
Trog
Vehumet
Wu Jian
Yredelemnul
Zin
The Shining One
Beogh

Shops:
D:8 [[[   D:13 [   D:14 **   Orc:2 ![(=   Elf:2 [   Shoals:4 =   Vaults:1 [
Vaults:4 ?   Zot:1 *   Depths:1 ?!=*   Depths:5 [*=

Portals:
Hell: Depths:1 Depths:2 Depths:3 Depths:4 Depths:5
Abyss: Depths:2 Depths:4
Pandemonium: Depths:1 Depths:2 Depths:3
Ziggurat: Depths:5

Annotations:
D:3 1 runed translucent door, Crazy Yiuf
D:14 3 runed translucent doors, Axipewex's ghost, journeyman OgTm
Lair:2 exclusion: ice statue
Elf:2 3 runed translucent doors
Vaults:1 2 transporters
Depths:1 2 transporters, exclusion: 2 obsidian statues, Xachuts's ghost, adept DgCj; Zeph's ghost, adept NaFi


Innate Abilities, Weirdness & Mutations

You have a pair of horns on your head.
You reflexively headbutt those who attack you in melee.
Your flesh is heat resistant. (rF+)
[You are dopey. (Int -2)]
[You are extremely frail. (-30% HP)]


Message History

You slash the rust devil! Juidd hits you.
* * * LOW HITPOINT WARNING * * *
You fade further into invisibility.
You are lightly contaminated with residual magic.
Juidd hits you!
* * * LOW HITPOINT WARNING * * *
You slice Juidd!!
Juidd is lightly wounded.
You slice the rust devil!!
You feel the power of Trog in you as your rage grows.
You kill the rust devil!
Trog accepts your kill. Juidd completely misses you.
You feel the corruption within you wane somewhat.
You feel clever.
You feel a little less angry.
You feel a little more calm.
You slice Juidd!!
Juidd is lightly wounded.
Juidd hits you but does no damage. You partially resist.
Unknown command.
You cut Juidd into ribbons!!! Your headbutt misses Juidd.
Juidd is moderately wounded.
Juidd hits you.
* * * LOW HITPOINT WARNING * * *
You slice Juidd like a ripe choko!!!
Juidd is heavily wounded.
Juidd hits you!
* * * LOW HITPOINT WARNING * * *
You slice Juidd!! Your headbutt misses Juidd.
Juidd is severely wounded.
Juidd hits you!
* * * LOW HITPOINT WARNING * * *
You partially resist.
You feel drained.
You carve Juidd like a ham!!! Your headbutt misses Juidd.
Juidd is almost dead.
Juidd hits you!!
* * * LOW HITPOINT WARNING * * *
You completely miss Juidd.
Juidd is almost dead.
Juidd hits you.
You die...

###############################
....................(.........#
..............................#
##...###........H.............#
#...# #....####&).###....##..#
##...# #....###.....##....##..#
...).# #........#.#..#........#
....)###......................#
###.............#.#.##........#
#.................##....#...#
###........[........##....#...#
...................###........#


You could see Juidd.

Vanquished Creatures
  3 ancient liches (Zot:5)
  3 dread liches
  5 orbs of fire
  Mara (Crypt:2)
  Mennas (Crypt:2)
  3 juggernauts
  8 Killer Klowns (Zot:5)
  Saint Roka (Vaults:2)
  The ghost of mistmaker the Ruinous, a veteran TeAE of Vehumet (Depths:3)
  5 caustic shrikes (Depths:4)
  2 curse toes
  8 golden dragons
  3 bone dragons
  Arachne (Spider:3)
  3 electric golems
  Jorgrun (D:13)
  25 tentacled monstrosities
  25 Orb Guardians (Zot:5)
  Asterion (Spider:1)
  2 deep elf blademasters (Elf:3)
  5 liches
  8 quicksilver dragons
  7 titans
  9 death cobs
  2 deep elf master archers (Elf:3)
  Polyphemus (Shoals:4)
  7 sphinxes
  A kraken (Shoals:4)
  Frances (D:14)
  11 ancient champions
  Agnes (D:15)
  8 draconian monks
  Kirke (Spider:1)
  10 shadow dragons
  2 tengu reavers (Vaults:5)
  Donald (Vaults:2)
  Roxanne (D:15)
  17 storm dragons
  7 draconian knights
  9 ghost moths
  6 iron dragons
  9 fire giants
  3 revenants (Crypt:3)
  5 orc warlords
  4 deep elf sorcerers
  3 draconian scorchers
  2 balrugs (Depths:2)
  3 spectral caustic shrikes (Depths:2)
  17 frost giants
  17 vault wardens
  An angel (D:15)
  An emperor scorpion (Spider:4)
  6 draconian shifters
  5 deep elf elementalists (Elf:3)
  5 draconian annihilators
  3 draconian stormcallers
  A curse skull (Crypt:2)
  2 spriggan defenders
  21 ironbound preservers
  4 war gargoyles
  2 reapers
  7 ghouls
  15 very ugly things
  21 stone giants
  12 vampire knights
  5 deep elf demonologists
  3 dire elephants (Vaults:2)
  16 green draconians
  15 purple draconians
  15 black draconians
  14 entropy weavers
  A bunyip (shapeshifter) (Vaults:5)
  16 white draconians
  9 yellow draconians
  5 deep elf annihilators
  A minotaur (Gauntlet)
  6 spark wasps
  10 red draconians
  A mummy priest (Crypt:3)
  4 merfolk javelineers
  2 merfolk impalers (Shoals:4)
  8 deep elf death magi
  A crystal guardian (Vaults:4)
  Snorg (Orc:2)
  2 eidola
  2 eleionomae (Shoals:2)
  20 ettins
  Josephine (D:13)
  15 fire dragons
  14 jiangshi
  14 yaktaur captains
  4 deep elf high priests
  Fannar (D:12)
  9 great orbs of eyes
  35 vault guards
  A quicksilver dragon zombie (Crypt:2)
  A peacekeeper (Vaults:4)
  8 rakshasas
  Erolcha (D:9)
  9 hydras
  2 catoblepae
  6 ironbound thunderhulks
  12 ice dragons
  8 ironbound frosthearts
  9 boulder beetles
  4 centaur warriors
  5 ogre magi
  7 spriggan air magi
  7 satyrs
  6 merfolk aquamancers
  5 alligator snapping turtles
  A death knight (Crypt:3)
  7 tengu warriors
  A titan zombie (Crypt:2)
  13 deep troll earth magi
  15 dancing weapons
  20 death yaks
  9 spriggan berserkers
  9 two-headed ogres
  5 deep troll shamans
  10 vampire magi
  Urug (D:12)
  3 ironbound beastmasters
  2 sixfirhies
  Nergalle (Orc:2)
  7 spriggans
  A wretched star (Gauntlet)
  11 deep elf knights
  13 hell knights
  2 sun demons (Depths:2)
  A fire crab (shapeshifter) (Vaults:4)
  A soul eater (Depths:3)
  6 iron trolls
  8 skeletal warriors
  2 titan skeletons (Crypt:2)
  3 shadow wraiths
  2 glowing orange brains
  10 sea snakes
  An anaconda zombie (Crypt:2)
  4 flayed ghosts
  An infernal demonspawn (Depths:2)
  51 deep trolls
  A shadow dragon zombie (Crypt:3)
  A bog body (Crypt:1)
  7 deep elf archers
  23 ironbound convokers
  An orange crystal statue (Depths:2)
  12 orc knights
  29 deep elf pyromancers
  4 lindwurms
  23 deep elf zephyrmancers
  16 phantasmal warriors
  10 wizards
  28 wolf spiders
  51 ugly things
  Pikel (D:5)
  24 orb spiders
  An iron dragon zombie (Crypt:2)
  12 harpies
  8 necromancers
  An oklob plant (D:9)
  22 fauns
  9 orc sorcerers
  28 moths of wrath
  17 elephants
  A fire giant skeleton (Crypt:3)
  Maurice (Orc:2)
  8 cyclopes
  17 manticores
  2 black mambas (shapeshifter)
  A rust devil (D:14)
  10 black mambas
  An ice statue (IceCv)
  4 merfolk sirens
  A dire elephant zombie (Crypt:3)
  2 naga magi (Depths:1)
  Joseph (Lair:1)
  A torpor snail (Lair:6)
  6 water nymphs
  Maggie (D:7)
  2 orange demons (Depths:3)
  15 cane toads
  3 molten gargoyles
  24 vault sentinels
  A yellow draconian zombie (Crypt:1)
  An alligator snapping turtle zombie (Crypt:2)
  A kobold demonologist (D:10)
  3 gargoyles (Volcano)
  Psyche (D:12)
  11 rime drakes
  A black draconian zombie (Crypt:1)
  A minotaur zombie (Crypt:3)
  9 komodo dragons
  2 hellions
  8 demonic crawlers
  32 yaktaurs
  3 efreet
  3 unseen horrors
  3 red devils (Depths:2)
  An alligator snapping turtle skeleton (Crypt:3)
  2 hellwings (Depths:2)
  8 freezing wraiths
  A green draconian skeleton (Crypt:1)
  An ice devil (D:15)
  3 tengu conjurers
  6 guardian mummies (Crypt:3)
  3 hydra skeletons
  24 merfolk
  2 death drake zombies (Crypt:1)
  13 polar bears
  6 meliai
  A hydra zombie (Crypt:3)
  6 trolls
  19 hornets
  A queen bee (shapeshifter) (Depths:5)
  5 wind drakes
  43 slime creatures
  Prince Ribbit (D:5)
  A polar bear (shapeshifter) (Elf:1)
  39 jumping spiders
  7 snapping turtles
  A blink frog (shapeshifter) (D:15)
  An iron dragon simulacrum (Crypt:2)
  18 dream sheep
  A fire dragon zombie (Crypt:2)
  A tarantella zombie (Crypt:3)
  7 blink frogs
  An ettin zombie (Crypt:2)
  A fire giant simulacrum (Crypt:2)
  68 redbacks
  A centaur simulacrum (D:15)
  2 ice dragon skeletons (Crypt:3)
  3 air elementals
  3 shadows
  2 wyverns
  4 vampires (Crypt:3)
  8 wraiths
  A fire dragon skeleton (Crypt:2)
  An alligator skeleton (Crypt:3)
  33 tarantellas
  21 water elementals
  A black mamba skeleton (Crypt:3)
  67 yaks
  5 basilisks
  3 fire bats
  Grum (D:8)
  2 fire elementals
  3 vampire mosquitoes (D:11)
  2 neqoxecs
  5 hogs
  A steam dragon (D:10)
  A redback simulacrum (D:15)
  7 wargs
  A hell hound (Gauntlet)
  3 acid dragons
  13 water moccasins
  Duvessa (D:4)
  A merfolk zombie (Crypt:1)
  26 orc warriors
  A floating eye (Depths:3)
  A snapping turtle zombie (Crypt:1)
  A manticore zombie (Crypt:2)
  12 ice beasts
  4 black bears
  A sky beast (Bailey)
  24 wolves
  11 boggarts
  18 centaurs
  3 necrophages
  8 ogres
  A tengu (Orc:1)
  4 phantoms
  4 kobold brigands
  4 scorpions
  10 bullfrogs
  A cane toad simulacrum (Crypt:3)
  3 earth elementals
  A wyvern skeleton (D:7)
  Dowan (D:4)
  10 killer bees
  A spriggan skeleton (Crypt:2)
  2 troll zombies (D:9)
  6 electric eels
  A vampire bat (Depths:1)
  3 wights (D:9)
  4 howler monkeys
  5 centaur zombies
  5 lava snakes (Volcano)
  A bullfrog zombie (D:6)
  5 hounds
  10 jellies
  A gnoll shaman (D:4)
  16 orc priests
  3 centaur skeletons
  A human zombie (Crypt:2)
  2 iguanas (D:6)
  32 orc wizards
  A sky beast zombie (Crypt:3)
  4 ogre zombies (D:9)
  A felid zombie (Crypt:3)
  An ogre skeleton (Crypt:1)
  2 howler monkey zombies
  7 gnolls
  A howler monkey skeleton (Crypt:1)
  An adder (D:4)
  A shadow imp (D:5)
  14 white imps
  An ufetubus (D:5)
  A worm (D:12)
  2 dart slugs (D:3)
  90 orcs
  7 ball pythons
  5 bats
  20 endoplasms
  5 giant cockroaches
  7 hobgoblins
  4 jackals (D:3)
  16 kobolds
  2 quokkas
  2 frilled lizards
  8 goblins
  A goblin skeleton (D:9)
  A goblin zombie (D:9)
  2 hobgoblin zombies (D:9)
  3 orc skeletons (D:9)
  12 orc zombies (D:9)
  2 rats (D:3)
  A rat skeleton (Crypt:2)
  A bush (Lair:6)
  A plant (Depths:2)
  2 tentacles (Shoals:4)
2422 creatures vanquished.

Vanquished Creatures (collateral kills)
  A tentacled monstrosity (Zot:1)
  A spectral caustic shrike (Depths:2)
  A frost giant (Depths:1)
  A ghost moth (Spider:4)
  A draconian shifter (Zot:1)
  2 very ugly things (Depths:2)
  A black draconian (Zot:1)
  A merfolk impaler (Shoals:4)
  A great orb of eyes (Depths:2)
  A merfolk avatar (Shoals:4)
  A merfolk aquamancer (Shoals:4)
  3 hell knights
  A sea snake (Shoals:4)
  A wolf spider (Spider:3)
  2 necromancers
  A jumping spider (Vaults:2)
  A hornet (Spider:4)
  2 slime creatures (Vaults:2)
  A tarantella (Vaults:2)
  2 water elementals (Shoals:4)
  A centaur (Shoals:4)
  A tentacle (Shoals:4)
28 creatures vanquished.

Vanquished Creatures (others)
  A spark wasp (Spider:4)
  A yellow draconian (Zot:3)
  An ettin (Vaults:4)
  An ice dragon (Depths:3)
  A deep elf knight (Elf:2)
  A wolf spider (Spider:2)
  2 yaks (D:9)
  A water moccasin (Lair:6)
  An orc warrior (D:14)
  A centaur (Bailey)
  An orc wizard (Orc:2)
  15 bushes
  22 demonic plants (Gauntlet)
  40 fungi
  122 plants
  9 tentacles (Shoals:4)
  14 withered plants (Gauntlet)
234 creatures vanquished.

Grand Total: 2684 creatures vanquished

Notes
Turn   | Place    | Note
-------+----------+-------------------------------------------
     0 | D:1      | Mandevil the Minotaur Berserker began the quest for the
                  | Orb.
     0 | D:1      | Reached XP level 1. HP: 19/19 MP: 0/0
   244 | D:1      | Reached XP level 2. HP: 25/27 MP: 1/1
   381 | D:1      | Found a faded altar of an unknown god.
  1016 | D:2      | Found an opulent altar of Gozag.
  1122 | D:2      | Reached XP level 3. HP: 33/33 MP: 2/2
  1261 | D:2      | Reached ** piety under Trog
  2106 | D:3      | Found a sparkling altar of Nemelex Xobeh.
  2155 | D:3      | Found a runed translucent door.
  2156 | D:3      | Noticed Crazy Yiuf
  2274 | D:3      | Found an iron altar of Okawaru.
  2352 | D:3      | Reached XP level 4. HP: 37/40 MP: 3/3
  2566 | D:3      | Reached skill level 5 in Axes
  3159 | D:4      | Found a stormy altar of Qazlal.
  3177 | D:4      | Noticed a water elemental
  3183 | D:4      | Noticed an air elemental
  3183 | D:4      | Noticed a fire elemental
  3183 | D:4      | Noticed an earth elemental
  3255 | D:4      | Reached XP level 5. HP: 33/47 MP: 4/4
  3549 | D:4      | Noticed Dowan
  3561 | D:4      | Killed Dowan
  3562 | D:4      | Reached skill level 5 in Fighting
  3562 | D:4      | Reached XP level 6. HP: 19/56 MP: 5/5
  4027 | D:4      | Found a staircase to the Ecumenical Temple.
  4089 | D:4      | Noticed Duvessa
  4094 | D:4      | Killed Duvessa
  4328 | D:5      | Entered Level 5 of the Dungeon
  4455 | D:5      | Reached *** piety under Trog
  4522 | D:5      | Reached skill level 5 in Armour
  4522 | D:5      | Reached XP level 7. HP: 53/62 MP: 6/6
  5007 | D:5      | Noticed Pikel
  5022 | D:5      | Killed Pikel
  5023 | D:5      | Reached XP level 8. HP: 73/73 MP: 7/7
  5104 | D:5      | Noticed Prince Ribbit
  5110 | D:5      | Killed Prince Ribbit
  5415 | D:5      | Reached skill level 10 in Axes
  6180 | D:6      | Found an ornate altar of the Wu Jian Council.
  6180 | D:6      | Found a basalt altar of Yredelemnul.
  6180 | D:6      | Found an ancient bone altar of Kikubaaqudgha.
  6187 | D:6      | Reached XP level 9. HP: 71/81 MP: 8/8
  6846 | D:6      | Reached **** piety under Trog
  7361 | D:7      | Found a radiant altar of Vehumet.
  7376 | D:7      | Found a glowing silver altar of Zin.
  7415 | D:7      | Noticed Maggie
  7423 | D:7      | Killed Maggie
  7465 | D:7      | Found a glowing golden altar of the Shining One.
  7485 | D:7      | Found a broken altar of Ashenzari.
  7966 | D:8      | Found a staircase to the Lair.
  8032 | D:8      | Found Weoheaso's Antique Armour Shoppe.
  8047 | D:8      | Bought a glowing chain mail for 232 gold pieces
  8145 | D:8      | Noticed Grum
  8154 | D:8      | Killed Grum
  8517 | D:8      | Found Jautuwk's Armour Boutique.
  8574 | D:8      | Reached XP level 10. HP: 91/91 MP: 9/9
  8784 | D:8      | Identified the +0 ring mail of Lies {rElec rF- Dex+6}
  8853 | D:8      | Found Peirof's Antique Armour Shop.
  9006 | D:9      | Found a blossoming altar of Fedhas.
  9389 | D:9      | Reached skill level 5 in Dodging
  9395 | D:9      | Reached skill level 10 in Fighting
  9798 | D:9      | Noticed an oklob plant
  9806 | D:9      | Reached ***** piety under Trog
  9899 | D:9      | Killed an oklob plant
  9900 | D:9      | Reached skill level 10 in Armour
 10192 | D:9      | Found a staircase to the Orcish Mines.
 10329 | D:9      | Noticed a two-headed ogre
 10337 | D:9      | Killed a two-headed ogre
 10959 | D:10     | Entered Level 10 of the Dungeon
 10959 | D:10     | Noticed Erolcha
 10967 | D:9      | Killed Erolcha
 10968 | D:9      | Reached XP level 11. HP: 101/101 MP: 10/10
 11384 | D:10     | Found a hazy altar of Hepliaklqana.
 11496 | D:10     | Found a white marble altar of Elyvilon.
 11662 | D:11     | Noticed a two-headed ogre
 11670 | D:11     | Killed a two-headed ogre
 11895 | D:11     | Received a gift from Trog
 11899 | D:11     | Noticed a green ugly thing
 11905 | D:11     | Killed a green ugly thing
 12717 | Lair:1   | Entered Level 1 of the Lair of Beasts
 12717 | Lair:1   | Noticed Joseph
 12732 | Lair:1   | Killed Joseph
 13148 | Lair:1   | Found a dark tunnel.
 13148 | Lair:1   | Noticed a lindwurm
 13168 | Lair:1   | Killed a lindwurm
 13208 | Volcano  | Entered a volcano
 13386 | Volcano  | Reached XP level 12. HP: 104/112 MP: 11/11
 13553 | Volcano  | Found a bloodstained altar of Trog.
 13722 | Volcano  | Noticed a stone giant
 13732 | Volcano  | Killed a stone giant
 14300 | Lair:2   | Found a frozen archway.
 14343 | IceCv    | Entered an ice cave
 14558 | IceCv    | Noticed a death yak
 14569 | IceCv    | Reached skill level 15 in Axes
 14580 | IceCv    | Killed a death yak
 14664 | IceCv    | Noticed a death yak
 14676 | IceCv    | Killed a death yak
 15234 | IceCv    | Noticed a death yak
 15250 | IceCv    | Killed a death yak
 15303 | IceCv    | Noticed a death yak
 15308 | IceCv    | Noticed a death yak
 15310 | IceCv    | Noticed a death yak
 15312 | IceCv    | Killed a death yak
 15312 | IceCv    | Noticed a death yak
 15319 | IceCv    | Killed a death yak
 15327 | IceCv    | Killed a death yak
 15331 | IceCv    | Killed a death yak
 15484 | IceCv    | Noticed a frost giant
 15484 | IceCv    | Noticed a death yak
 15495 | IceCv    | Reached XP level 13. HP: 122/122 MP: 12/12
 15503 | IceCv    | Killed a frost giant
 15504 | IceCv    | Reached skill level 10 in Dodging
 16144 | Lair:2   | Received a gift from Trog
 16700 | Lair:3   | Reached skill level 1 in Evocations
 16804 | Lair:3   | Found a hole to the Spider Nest.
 17833 | Lair:4   | Found a staircase to the Shoals.
 17970 | Lair:4   | Found the brooch of Shielding {Spirit SH+8}
 18131 | Lair:4   | Received a gift from Trog
 18740 | Lair:5   | Reached XP level 14. HP: 130/130 MP: 13/13
 18875 | Lair:5   | Found a staircase to the Slime Pits.
 19129 | Lair:5   | Identified the +3 kite shield of the Hart {rC+ Stlth+}
 19453 | Lair:6   | Entered Level 6 of the Lair of Beasts
 20211 | Lair:6   | Received a gift from Trog
 20245 | Lair:6   | Reached skill level 5 in Evocations
 21011 | Lair:6   | Reached skill level 15 in Fighting
 21388 | Lair:6   | Reached XP level 15. HP: 94/141 MP: 8/14
 21912 | Orc:1    | Entered Level 1 of the Orcish Mines
 22036 | Orc:1    | Found a flagged portal.
 22051 | Bailey   | Entered a bailey
 22504 | Bailey   | Reached XP level 16. HP: 136/149 MP: 15/15
 22668 | Orc:2    | Entered Level 2 of the Orcish Mines
 22698 | Orc:2    | Found a staircase to the Elven Halls.
 22763 | Orc:2    | Noticed Maurice
 22770 | Orc:2    | Killed Maurice
 22814 | Orc:2    | Found a gate leading to a gauntlet.
 22832 | Gauntlet | Entered a Gauntlet
 22832 | Gauntlet | Found a transporter.
 22832 | Gauntlet | Found a transporter.
 22833 | Gauntlet | Found a transporter.
 22837 | Gauntlet | Found a transporter.
 22839 | Gauntlet | Found a transporter.
 22855 | Gauntlet | Found a transporter.
 22871 | Gauntlet | Found a transporter.
 22883 | Gauntlet | Found a transporter.
 22893 | Gauntlet | Found a transporter.
 22909 | Gauntlet | Found a transporter.
 22915 | Gauntlet | Found a transporter.
 22929 | Gauntlet | Found a transporter.
 23033 | Gauntlet | Identified the ring "Byeb" {Fly rC+}
 23095 | Gauntlet | Identified the +6 arbalest of the Endless Expanse {flame,
                  | rElec}
 23305 | Orc:2    | Reached ****** piety under Trog
 23312 | Orc:2    | Reached skill level 1 in Crossbows
 23336 | Orc:2    | Found Duetol's Antique Armour Emporium.
 23381 | Orc:2    | Bought a pair of embroidered boots for 217 gold pieces
 23405 | Orc:2    | Found an ancient bone altar of Kikubaaqudgha.
 23405 | Orc:2    | Noticed Nergalle
 23418 | Orc:2    | Killed Nergalle
 23418 | Orc:2    | Received a gift from Trog
 23419 | Orc:2    | Noticed Snorg
 23427 | Orc:2    | Killed Snorg
 23476 | Orc:2    | Found Ikoux's Jewellery Emporium.
 23490 | Orc:2    | Found a radiant altar of Vehumet.
 23532 | Orc:2    | Found Giadwuqouw's Distillery.
 23552 | Orc:2    | Found Turoj's Antique Weapon Shoppe.
 23572 | Orc:2    | Bought a potion of heal wounds for 75 gold pieces
 23572 | Orc:2    | Bought a potion of curing for 45 gold pieces
 23572 | Orc:2    | Bought a potion of curing for 45 gold pieces
 23572 | Orc:2    | Bought 2 potions of invisibility for 240 gold pieces
 24274 | Orc:1    | Received a gift from Trog
 24285 | Orc:1    | Noticed Sonja
 24286 | Orc:1    | Noticed Sonja
 24286 | Orc:1    | Sonja changed into Sonja the tengu
 24289 | Orc:1    | Killed Sonja the tengu
 24473 | Orc:1    | Found a burning altar of Makhleb.
 24839 | D:12     | Noticed Psyche
 24843 | D:12     | Killed Psyche
 24935 | D:12     | Noticed Urug
 24950 | D:12     | Killed Urug
 25090 | D:12     | Noticed Fannar
 25098 | D:12     | Killed Fannar
 25392 | D:12     | Found a snail-covered altar of Cheibriados.
 25638 | D:13     | Noticed Jorgrun
 25644 | D:13     | Killed Jorgrun
 25645 | D:13     | Reached skill level 5 in Crossbows
 26127 | D:13     | Noticed Josephine
 26135 | D:13     | Killed Josephine
 26349 | D:13     | Identified the +8 chain mail of Lies {rPois Will+ Regen+}
 26482 | D:13     | Found Qedan's Armour Shoppe.
 26782 | D:14     | Noticed Frances
 26797 | D:14     | Killed Frances
 27157 | D:14     | Found a runed translucent gate.
 27157 | D:14     | Found a runed translucent gate.
 27157 | D:14     | Found a runed translucent gate.
 27159 | D:14     | Found an opulent altar of Gozag.
 27160 | D:14     | Noticed a sphinx
 27161 | D:14     | Found Ceotatzu's Assorted Antiques.
 27161 | D:14     | Noticed Axipewex's ghost (journeyman OgTm)
 27162 | D:14     | Found Egan's Assorted Antiques.
 27374 | D:14     | Received a gift from Trog
 27396 | D:14     | Reached XP level 17. HP: 153/165 MP: 12/16
 27459 | D:14     | Found a gate to the Vaults.
 27732 | D:15     | Entered Level 15 of the Dungeon
 27846 | D:15     | Found a staircase to the Depths.
 27863 | D:15     | Noticed Agnes
 27870 | D:15     | Killed Agnes
 27967 | D:15     | Found a bloodstained altar of Trog.
 28041 | D:15     | Noticed Roxanne
 28055 | D:15     | Killed Roxanne
 29021 | Spider:1 | Entered Level 1 of the Spider Nest
 29101 | Spider:1 | Noticed Asterion
 29124 | Spider:1 | Killed Asterion
 29124 | Spider:1 | Received a gift from Trog
 29125 | Spider:1 | Reached skill level 15 in Armour
 30053 | Spider:1 | Noticed Kirke
 30063 | Spider:1 | Killed Kirke
 30448 | Spider:2 | Received a gift from Trog
 31601 | Spider:3 | Reached XP level 18. HP: 178/178 MP: 17/17
 31679 | Spider:3 | Reached skill level 10 in Crossbows
 31795 | Spider:3 | Noticed Arachne
 31803 | Spider:3 | Killed Arachne
 32203 | Spider:3 | Received a gift from Trog
 32321 | Spider:4 | Entered Level 4 of the Spider Nest
 33561 | Spider:4 | Received a gift from Trog
 33581 | Spider:4 | Got a gossamer rune of Zot
 33799 | Shoals:1 | Entered Level 1 of the Shoals
 34689 | Shoals:2 | Identified the amulet of the Forsaken Knives {rElec Regen+
                  | Str+2 Int+2}
 35273 | Shoals:3 | Received a gift from Trog
 35428 | Shoals:3 | Reached XP level 19. HP: 189/189 MP: 18/18
 36068 | Shoals:4 | Entered Level 4 of the Shoals
 36507 | Shoals:4 | Got a barnacled rune of Zot
 36934 | Shoals:4 | Received a gift from Trog
 37032 | Shoals:4 | Noticed Polyphemus
 37048 | Shoals:4 | Killed Polyphemus
 37297 | Shoals:4 | Found Rono Sarich's Jewellery Emporium.
 37857 | Vaults:1 | Entered Level 1 of the Vaults
 38048 | Vaults:1 | Found a transporter.
 38092 | Vaults:1 | Found a transporter.
 38462 | Vaults:1 | Found Toffo's Armour Boutique.
 38531 | Vaults:1 | Received a gift from Trog
 38640 | Vaults:1 | Identified the +0 scale mail of Nemelex Xobeh's Hope {rF+
                  | rC+++ Dex-3 SInv}
 39063 | Vaults:1 | You fall into a shaft and drop 1 floor!
 39432 | Vaults:2 | Received a gift from Trog
 39433 | Vaults:2 | Reached XP level 20. HP: 169/199 MP: 15/19
 39757 | Vaults:2 | Received a gift from Trog
 39803 | Vaults:2 | Noticed Donald
 39816 | Vaults:2 | Killed Donald
 40309 | Vaults:2 | Identified the ring of Pilut {rPois rN+ Str+2 Int-3}
 40382 | Vaults:2 | Noticed Saint Roka
 40393 | Vaults:2 | Killed Saint Roka
 40954 | Vaults:3 | Received a gift from Trog
 41186 | Vaults:3 | Found a staircase to the Crypt.
 41860 | Vaults:3 | Reached XP level 21. HP: 142/209 MP: 14/20
 42271 | Vaults:4 | Received a gift from Trog
 42467 | Vaults:4 | Reached skill level 15 in Crossbows
 42866 | Vaults:4 | Found Bihuis's Magic Scroll Shoppe.
 42869 | Vaults:4 | Bought a scroll of holy word for 120 gold pieces
 42869 | Vaults:4 | Bought a scroll of holy word for 120 gold pieces
 43382 | Vaults:4 | Received a gift from Trog
 44081 | Elf:1    | Entered Level 1 of the Elven Halls
 44220 | Elf:1    | Paralysed by an air elemental for 1 turns
 45309 | Elf:2    | Received a gift from Trog
 45368 | Elf:2    | Identified the +1 scythe "Testudineslayer" {pain, Will++}
 45446 | Elf:2    | Found a runed translucent gate.
 45447 | Elf:2    | Found a runed translucent gate.
 45447 | Elf:2    | Found a runed translucent gate.
 45738 | Elf:2    | Found Jigesm's Antique Armour Shop.
 45892 | Elf:3    | Entered Level 3 of the Elven Halls
 46740 | Elf:3    | Reached XP level 22. HP: 220/220 MP: 21/21
 46974 | Elf:3    | Received a gift from Trog
 47078 | Elf:3    | Identified the ring "Yzxuiwn" {MP+9 Str+5 Dex+6}
 47387 | Elf:3    | Identified the +10 hunting sling of Migam {vorpal, SInv}
 47388 | Elf:3    | Paralysed by an air elemental for 1 turns
 47415 | Elf:3    | Identified the +3 longbow "Kuskymn" {vorpal, Dex+4}
 48047 | Depths:1 | Entered Level 1 of the Depths
 48356 | Depths:1 | Noticed Xachuts's ghost (adept DgCj)
 48357 | Depths:1 | Found a transporter.
 48358 | Depths:1 | Noticed Zeph's ghost (adept NaFi)
 48365 | Depths:1 | Found a transporter.
 48365 | Depths:1 | Noticed a juggernaut
 48374 | Depths:1 | Found Keigunt's Distillery.
 48377 | Depths:1 | Found Kiohejiq's General Store.
 48377 | Depths:1 | Found Jor Ubat's Magic Scroll Boutique.
 48382 | Depths:1 | Found Ogriud's Jewellery Shop.
 48435 | Depths:1 | Bought a potion of curing for 48 gold pieces
 48435 | Depths:1 | Bought 2 potions of mutation for 256 gold pieces
 48435 | Depths:1 | Bought a potion of curing for 48 gold pieces
 48435 | Depths:1 | Bought a potion of curing for 48 gold pieces
 48435 | Depths:1 | Bought a potion of heal wounds for 80 gold pieces
 48445 | Depths:1 | Bought a scroll of teleportation for 57 gold pieces
 48459 | Depths:1 | Found a gateway to Hell.
 48480 | Depths:1 | Bought the ring of the Gloaming {rPois rF+ Stlth+} for 390
                  | gold pieces
 48704 | Depths:1 | Identified the +5 rapier "Kuhoof" {vorpal, rN+ Str+2
                  | Stlth+} (Trog gifted it to you on level 1 of the Depths)
 48704 | Depths:1 | Received a gift from Trog
 49040 | Depths:1 | Found a one-way gate leading to the halls of Pandemonium.
 49449 | Depths:2 | Found a one-way gate to the infinite horrors of the Abyss.
 50056 | Depths:2 | Received a gift from Trog
 50853 | Depths:2 | Reached skill level 10 in Evocations
 51301 | Depths:2 | Identified the +9 rapier of Ash {protect, rPois rN+ Dex+3}
 51661 | Depths:2 | Reached XP level 23. HP: 224/229 MP: 6/22
 52018 | Depths:2 | Identified the amulet of the City {Acrobat rF+}
 52660 | Depths:3 | Paralysed by a floating eye for 4 turns
 53135 | Depths:3 | Noticed a juggernaut
 53148 | Depths:3 | Killed a juggernaut
 53197 | Depths:3 | Received a gift from Trog
 53875 | Depths:3 | Found a runed translucent door.
 53876 | Depths:3 | Noticed mistmaker's ghost (veteran TeAE)
 53957 | Depths:3 | Identified the +7 hand axe "Biecsoi" {elec, *Noise rCorr
                  | Int+4}
 54065 | Depths:3 | Killed mistmaker's ghost
 54904 | Depths:4 | Received a gift from Trog
 55096 | Depths:4 | Noticed a caustic shrike
 55098 | Depths:4 | Noticed a caustic shrike
 55098 | Depths:4 | Noticed a caustic shrike
 55108 | Depths:4 | Killed a caustic shrike
 55118 | Depths:4 | Killed a caustic shrike
 55124 | Depths:4 | Killed a caustic shrike
 55160 | Depths:4 | Reached XP level 24. HP: 169/240 MP: 7/22
 56431 | Depths:5 | Entered Level 5 of the Depths
 56836 | Depths:5 | Noticed a juggernaut
 56859 | Depths:5 | Killed a juggernaut
 56870 | Depths:5 | Noticed a juggernaut
 56883 | Depths:5 | Killed a juggernaut
 57055 | Depths:5 | Found Vimaf's Jewellery Shoppe.
 57059 | Depths:5 | Found Fitzaumm's Assorted Antiques.
 57060 | Depths:5 | Found Qycybem's Armour Shoppe.
 57067 | Depths:5 | Bought a +2 hat for 320 gold pieces
 57079 | Depths:5 | Bought the ring "Vexikiu" {rN+ Will+ Slay+3} for 723 gold
                  | pieces
 57103 | Depths:5 | Bought a potion of curing for 132 gold pieces
 57103 | Depths:5 | Bought a scroll of fog for 88 gold pieces
 57103 | Depths:5 | Bought a scroll of teleportation for 132 gold pieces
 57631 | Depths:5 | Identified the +12 battleaxe of Plague {vorpal, rC+ rN+
                  | Str-3} (Trog gifted it to you on level 5 of the Depths)
 57631 | Depths:5 | Received a gift from Trog
 57836 | Depths:5 | Found a gate to the Realm of Zot.
 57888 | Depths:5 | Found a gateway to a ziggurat.
 58058 | Depths:5 | Found a glowing silver altar of Zin.
 58604 | Crypt:1  | Entered Level 1 of the Crypt
 58813 | Depths:1 | Bought the ring of Aristemu {rF+ rCorr Str-5 Dex+4 SInv}
                  | for 325 gold pieces
 59659 | Crypt:2  | Received a gift from Trog
 59847 | Crypt:2  | Noticed Mennas
 59865 | Crypt:2  | Killed Mennas
 59866 | Crypt:2  | Reached skill level 27 in Axes
 59910 | Crypt:2  | Noticed Mara
 59916 | Crypt:2  | Noticed Mandevil's illusion
 59931 | Crypt:2  | Killed Mara
 59932 | Crypt:2  | Reached XP level 25. HP: 183/253 MP: 0/22
 60493 | Crypt:3  | Entered Level 3 of the Crypt
 60574 | Crypt:3  | Found a staircase to the Tomb.
 60830 | Crypt:3  | Received a gift from Trog
 61370 | Crypt:3  | Identified the +9 short sword of Hiumac {vorpal, Will+
                  | Str+3}
 61673 | Crypt:3  | Found an ancient bone altar of Kikubaaqudgha.
 61674 | Crypt:3  | Noticed a dread lich
 61682 | Crypt:3  | Killed a dread lich
 61693 | Crypt:3  | Found a basalt altar of Yredelemnul.
 61723 | Crypt:3  | Received a gift from Trog
 61858 | Crypt:3  | Identified the ring "Dedud" {Contam rElec rC+++ rN+ Int-4}
 61858 | Crypt:3  | Identified the ring "Emurghim" {rN+ MP+9 Str+4}
 62215 | Vaults:4 | Bought a scroll of immolation for 56 gold pieces
 62243 | Vaults:5 | Entered Level 5 of the Vaults
 62265 | Vaults:4 | Reached skill level 27 in Fighting
 63130 | Vaults:5 | Received a gift from Trog
 63535 | Vaults:4 | Reached XP level 26. HP: 125/266 MP: 8/22
 64092 | Vaults:5 | Identified the ring of Gaxkuinauj {EV+4 Str-3 Int+2 SInv}
 64769 | Vaults:5 | Identified the +1 scale mail "Qouliu" {Will+ Int+3}
 64779 | Vaults:5 | Identified the ring of Propriety {rPois rC+}
 64832 | Vaults:5 | Received a gift from Trog
 64843 | Vaults:5 | Reached skill level 27 in Armour
 65076 | Vaults:5 | Identified the ring of Law {Str+6 Int+6}
 65424 | Vaults:5 | Got a silver rune of Zot
 66707 | Zot:1    | Entered Level 1 of the Realm of Zot
 66922 | Zot:1    | Noticed an orb of fire
 66922 | Zot:1    | Gained mutation: You sometimes lose the ability to read
                  | scrolls when taking damage. [an orb of fire]
 66936 | Zot:1    | Killed an orb of fire
 66941 | Zot:1    | Lost mutation: You sometimes lose the ability to read
                  | scrolls when taking damage. [potion of mutation]
 66941 | Zot:1    | Gained mutation: You possess an exceptional clarity of
                  | mind. [potion of mutation]
 66941 | Zot:1    | Lost mutation: You possess an exceptional clarity of mind.
                  | [potion of mutation]
 66941 | Zot:1    | Gained mutation: You are partially covered in iridescent
                  | scales. (AC +2) [potion of mutation]
 67073 | Zot:1    | Found Fuskeot's Changing Room.
 68012 | Zot:1    | Bought 2 potions of mutation for 416 gold pieces
 68012 | Zot:1    | Bought a potion of mutation for 208 gold pieces
 68012 | Zot:1    | Bought a potion of lignification for 78 gold pieces
 68012 | Zot:1    | Bought a potion of lignification for 78 gold pieces
 68190 | Zot:2    | Identified the +1 battleaxe "Moung" {flame, rCorr Str+2
                  | Stlth+} (Trog gifted it to you on level 2 of the Realm of
                  | Zot)
 68190 | Zot:2    | Received a gift from Trog
 68717 | Zot:2    | You fall into a shaft and drop 1 floor!
 68725 | Zot:3    | Reached XP level 27. HP: 273/273 MP: 22/22
 70184 | Zot:3    | Reached skill level 15 in Dodging
 70327 | Zot:3    | Reached skill level 15 in Evocations
 70505 | Zot:3    | Received a gift from Trog
 73222 | Zot:5    | Entered Level 5 of the Realm of Zot
 73295 | Zot:5    | Received a gift from Trog
 74540 | Zot:5    | Noticed a dread lich
 74545 | Zot:5    | Killed a dread lich
 74642 | Zot:5    | Noticed a dread lich
 74665 | Zot:5    | Killed a dread lich
 74763 | Zot:5    | Noticed an orb of fire
 74781 | Zot:5    | Killed an orb of fire
 74984 | Zot:5    | Noticed an ancient lich
 74991 | Zot:5    | Killed an ancient lich
 75131 | Zot:5    | Noticed an orb of fire
 75138 | Zot:5    | Gained mutation: You sometimes lose the ability to read
                  | scrolls when taking damage. [an orb of fire]
 75141 | Zot:5    | Noticed an orb of fire
 75145 | Zot:5    | Killed an orb of fire
 75150 | Zot:5    | Gained mutation: [You are frail. (-10% HP)] [an orb of
                  | fire]
 75158 | Zot:5    | Killed an orb of fire
 75162 | Zot:5    | Noticed an ancient lich
 75171 | Zot:5    | Killed an ancient lich
 75233 | Zot:5    | Noticed an orb of fire
 75244 | Zot:5    | Gained mutation: [You are very frail. (-20% HP)] [an orb of
                  | fire]
 75249 | Zot:5    | Killed an orb of fire
 75269 | Zot:5    | Noticed an ancient lich
 75288 | Zot:5    | Killed an ancient lich
 75300 | Zot:5    | Received a gift from Trog
 75831 | Zot:5    | Lost mutation: You are partially covered in iridescent
                  | scales. (AC +2) [potion of mutation]
 75831 | Zot:5    | Lost mutation: [You are very frail. (-20% HP)] [potion of
                  | mutation]
 75831 | Zot:5    | Lost mutation: You sometimes lose the ability to read
                  | scrolls when taking damage. [potion of mutation]
 75831 | Zot:5    | Gained mutation: Your flesh is heat resistant. (rF+)
                  | [potion of mutation]
 76515 | Zot:5    | Got the Orb of Zot
 76612 | Zot:4    | Noticed Modorrauth the pandemonium lord
 76650 | Zot:1    | Lost intelligence.
 76893 | D:15     | Identified the +8 tower shield "Kaotzash" {rElec}
 76898 | D:14     | Noticed Juidd the pandemonium lord
 76920 | D:14     | HP: 1/283 [Juidd the pandemonium lord (23)]
 76921 | D:14     | Slain by Juidd the pandemonium lord

Illustrated notes

Levels and vault maps discovered:
D:1:      wander_arrival_estate, layout_rooms,
          shapermc_ecumenical_altar_rom_forum, hangedman_decor_push,
          chequers_avenue, minmay_surrounded
D:2:      layout_basic, basic_altar, minmay_heptomino_o4
D:3:      minmay_wonky_spiral, layout_loops_ring, okawaru_metal_pillars_1_2,
          nemelex_dance_club_becter, chequers_mini_garden,
          uniq_crazy_yiuf_cottage
D:4:      minmay_inner_zag, layout_cave_pods, nicolae_qazlal_style_of_elements,
          minmay_temple_entry_junction, kennysheep_boxes, uniq_duvessa
D:5:      layout_basic, serial_rivers, chequers_serial_rivers_small_b,
          chequers_serial_rivers_micro_d, chequers_serial_rivers_micro_b,
          chequers_serial_rivers_micro_d, grunt_ministairs_7,
          kb_lookout_dungeons_type, mrwooster_statue_mirror,
          uniq_prince_ribbit1, uniq_pikel
D:6:      layout_basic, chequers_temple_overflow_statue_of_worship
D:7:      layout_layer_cave, mainiacjoe_overflow_tiny_flanked,
          mainiacjoe_overflow_six_doors_small, overflow_temple_1_default,
          mainiacjoe_overflow_alcove_1, serial_bayou_crossing, uniq_maggie
D:8:      layout_basic, grunt_lair_entry_orc_guard_hut, serial_shops,
          nicolae_shop_statue_plus, nicolae_shop_temple_entry_statues_fountains,
          nicolae_shop_temple_entry_statues_fountains, uniq_grum
D:9:      lemuel_slime, layout_small_grid, fedhas_bush_and_centaur_altar,
          zombieorc1_lemuel, chequers_serial_rivers_large_a,
          minmay_misc_feat_hallway
D:10:     layout_rooms, general_overflow_altar,
          mainiacjoe_overflow_small_starburst, uniq_erolcha
D:11:     layout_cave_pools, minmay_starry_boxes
D:12:     layout_basic, slow_altar_2, uniq_urug, uniq_fannar, uniq_psyche
D:13:     layout_rooms, nicolae_take_the_stairs, uniq_jorgrun, uniq_josephine
D:14:     layout_small_grid, hangedman_vaults_entry_quadrant_bands,
          chequers_jeans, ebering_ghost_gozag, serial_glass, glass_columns_a,
          glass_columns_a, grunt_decor_junction, uniq_frances
D:15:     hangedman_depths_entry_civil_slaughter, layout_basic,
          trog_three_pillars_becter, onia_ninara_cookie, uniq_agnes,
          uniq_roxanne
Lair:1:   beast_lair_carwin_large_2, layout_layer_cave,
          nicolae_volcano_entry_vermiform, uniq_joseph
Lair:2:   layout_concentric_octagons, portal_ice_cave_entry_imps, ice2_lemuel
Lair:3:   layout_small_grid, spider_nest_entry_webs, grunt_megastairs_2
Lair:4:   layout_regular_city, elwin_shoals_entry_rocks,
          nicolae_quartered_pool_little, beast_lair_carwin_4
Lair:5:   layout_gridlike, minmay_slime_entry_pillars, lookout_lair_type
Lair:6:   hangedman_lair_in_review, layout_long_grid, serial_rivers,
          chequers_serial_rivers_marsh, chequers_serial_rivers_room_a,
          chequers_serial_rivers_micro_b, chequers_serial_rivers_room_a,
          chequers_serial_rivers_micro_d, chequers_serial_rivers_marsh,
          minmay_hedge_maze
Shoals:1: layout_shoals
Shoals:2: layout_shoals, nicolae_shoals_enchanted_isle
Shoals:3: layout_shoals
Shoals:4: shoals_end_hangedman, layout_shoals, serial_shops, nicolae_shop_trees,
          uniq_polyphemus
Spider:1: nicolae_spider_hilbert_zone_2 [nicolae_spider_hilbert_4_sides_1_open,
          nicolae_spider_hilbert_4_sides_1_open,
          nicolae_spider_hilbert_4_sides_1_open,
          nicolae_spider_hilbert_4_sides_1_open,
          nicolae_spider_hilbert_6_sides_1_open,
          nicolae_spider_hilbert_6_sides_1_open,
          nicolae_spider_hilbert_3_sides_1_open,
          nicolae_spider_hilbert_3_sides_1_open,
          nicolae_spider_hilbert_3_sides_1_open,
          nicolae_spider_hilbert_3_sides_1_open,
          nicolae_spider_hilbert_6_sides_1_open,
          nicolae_spider_hilbert_6_sides_1_open,
          nicolae_spider_hilbert_6_sides_1_open,
          nicolae_spider_hilbert_6_sides_1_open], uniq_kirke, uniq_asterion
Spider:2: layout_chambers, drop_trap
Spider:3: layout_spider_delve, uniq_arachne
Spider:4: spider_rune_water
Orc:1:    layout_diamond_mine, basic_altar, enter_bailey_6, lightli_orcish_oven,
          uniq_sonja
Orc:2:    kennysheep_orc_mage_school, layout_caves, gauntlet_entry_generic,
          uniq_maurice, uniq_snorg
Elf:1:    eino_elf_arrival_customs, layout_geoelf_grid,
          minmay_elf_crystal_hexagon, hex_medium
Elf:2:    nicolae_elf_blades_crystal_corner, layout_rooms, serial_shops,
          shop_coins, minmay_misc_feat_pillars
Elf:3:    grunt_elf_hall_asides, layout_geoelf_castle
Vaults:1: gammafunk_dig_for_victory, nicolae_vaults_twisting_passages,
          hangedman_vaults_corner, ontoclasm_vaults_twist,
          ontoclasm_vaults_hangar, nicolae_vaults_yaktaur_gun_rack, v_misc_27,
          grunt_vaults_hallway_long, layout_vaults_quadrants, serial_shops, shop
Vaults:2: st_lattice, vaults_room_octagon, nicolae_vaults_network_barrier,
          v_misc_31, nicolae_vaults_specimen_jars, vaults_room_pool,
          ontoclasm_vaults_loading_screen, ontoclasm_vaults_spin,
          vaults_room_stairs_pillars, nicolae_vaults_little_squares_3,
          layout_vaults_maze, mu_enter_wizlab_1, uniq_saint_roka, uniq_margery,
          uniq_donald
Vaults:3: vaults_mumra_minichess_inversion, nicolae_vaults_meeting, v_pattern_5,
          ontoclasm_vaults_shuriken, nicolae_vaults_stairing_the_circle,
          vaults_mumra_minichess, hangedman_vaults_nails,
          vaults_room_semicircle, v_misc_5, nicolae_vaults_hallways_thing,
          grunt_vaults_focal, vaults_dpeg_ring, layout_vaults_omnicross
Vaults:4: v_misc_26, vaults_room_stairs_pillars, vaults_mumra_chevron_long,
          hangedman_vaults_stretched_pinwheel, vaults_room_octagon,
          nicolae_vaults_windows_and_doors_thing, v_misc_26, v_pattern_3,
          v_misc_18, vaults_standard_mumra_x, vaults_room_door_ring,
          layout_vaults_omnibox, serial_shops, nicolae_shop_window_shopping
Vaults:5
Crypt:1:  layout_gridlike
Crypt:2:  layout_gridlike, lemuel_upstairs_altar, uniq_mara, uniq_mennas
Crypt:3:  lightli_unholy_cathedral, layout_chaotic_city,
          tomb_entry_shell_bobbens
Depths:1: layout_basic, nzn_ghost_randoct, pan_entry, hell_entry,
          minmay_misc_feat_x, hangedman_research_metamorphosis, minmay_shoptagon
Depths:2: grunt_twist_and_shout, layout_gridville, hangedman_abyss_entry_splay,
          grunt_pan_entry_spiral, pf_hell_entry_tar_river,
          minmay_misc_feat_columns, horrible_house_mu
Depths:3: minmay_the_grid_3x3 [minmay_the_grid_dragon_a,
          minmay_the_grid_minigrid_small_alt, minmay_the_grid_doors,
          minmay_the_grid_tiny_cups, minmay_the_grid_pillar_ring,
          minmay_the_grid_minigrid_small, minmay_the_grid_spikes,
          minmay_the_grid_rooms, minmay_the_grid_prize_shrinking_boxes],
          layout_basic, gammafunk_ghost_grave, hell_entry,
          roderic_roman_lattice, rand_demon_pan_entry_5
Depths:4: minmay_bloctagon, layout_gridlike, serial_bayou, serial_bayou_pond_b,
          serial_bayou_shore_b, serial_bayou_lake_a, serial_bayou_pond_d,
          abyss_entry, grunt_metal_band, chequers_serial_rivers_micro_e
Depths:5: grunt_zot_entry_hairpin, layout_small_grid, enter_ziggurat_b,
          hell_entry, zin_academy, serial_bayou_shore_b, minmay_shop_star
Zot:1:    layout_cellular_growth, nicolae_transmutations_shop
Zot:2:    layout_twisted_circle, st_single_dragon_hoard_1
Zot:3:    layout_gridlike, st_stairs_7, zot_minivault_1
Zot:4:    kennysheep_room_grid, layout_gridlike
Zot:5:    layout_gridlike

Skill      XL: |  1  2  3  4  5  6  7  8  9 10 11 12 13 14 15 16 17 18 19 20 21 22 23 24 25 26 27 |
---------------+----------------------------------------------------------------------------------+-----
Axes           | 4 5 6 7 9 10 11 13 14 15 17 19 20 21 22 23 24 25 26 27 | 27.0
Fighting       | 4 5 7 9 10 12 13 15 18 20 21 22 23 24 25 27 | 27.0
Armour         | 3 4 5 6 7 9 10 11 12 13 14 15 16 18 19 20 21 23 25 27 | 27.0
Dodging        | 3 6 8 9 10 14 21 | 21.2
Evocations     | 3 6 7 9 10 11 12 14 19 | 19.6
Crossbows      | 7 9 11 13 14 16 17 18 | 18.0

Action                   |  1- 3 |  4- 6 |  7- 9 | 10-12 | 13-15 | 16-18 | 19-21 | 22-24 | 25-27 || total
-------------------------+-------+-------+-------+-------+-------+-------+-------+-------+-------++-------
Melee: Hand axe          |   109 |    48 |   156 |   589 |    17 |       |       |       |       ||   919
       Headbutt          |    10 |     8 |    31 |   162 |   118 |   232 |   269 |   279 |   281 ||  1390
       Dire flail        |       |       |       |    13 |    32 |       |       |       |       ||    45
       Battleaxe         |       |       |       |       |   439 |  1026 |   886 |   173 |   688 ||  3212
       Executioner's axe |       |       |       |       |       |       |   200 |   826 |   372 ||  1398
 Fire: Arbalest          |       |       |       |       |       |   141 |   219 |   318 |   584 ||  1262
Throw: Stone             |       |       |     3 |     1 |    13 |     2 |       |       |       ||    19
       Dart              |       |       |       |     6 |     8 |     2 |       |       |       ||    16
Invok: Trog's Hand       |       |     1 |     1 |     5 |     1 |     8 |    10 |    12 |    22 ||    60
       Berserk           |       |     2 |     2 |     5 |     2 |     4 |     2 |       |     1 ||    18
       Brothers in Arms  |       |       |       |       |       |     2 |     3 |     5 |     2 ||    12
Evoke: Wand              |       |       |     7 |     2 |    15 |     9 |     2 |     5 |    26 ||    66
       Condenser vane    |       |       |       |       |       |       |       |     1 |     8 ||     9
       Box of beasts     |       |       |       |       |       |       |       |     1 |       ||     1
       Tin of tremorston |       |       |       |       |       |       |       |       |     5 ||     5
  Use: Scroll            |       |       |    16 |     9 |     8 |     8 |     3 |     4 |    18 ||    66
       Potion            |       |       |       |     5 |     1 |     1 |     2 |     2 |    15 ||    26
 Stab: Invisible         |       |       |       |     4 |       |       |       |       |     1 ||     5
       Distracted        |       |       |       |       |       |     1 |     1 |     3 |       ||     5
       Petrified         |       |       |       |       |       |       |     1 |       |       ||     1
Armor: Animal skin       |     7 |       |       |       |       |       |       |       |       ||     7
       Leather armour    |    16 |    16 |    33 |       |       |       |       |       |       ||    65
       Swamp dragon scal |       |       |    11 |   132 |   135 |       |       |       |       ||   278
       Acid dragon scale |       |       |       |     2 |       |       |       |       |       ||     2
       Chain mail        |       |       |       |    62 |    73 |   555 |   479 |   525 |   202 ||  1896
       Gold dragon scale |       |       |       |       |       |       |       |       |   894 ||   894
       Skin              |       |       |       |       |       |       |       |       |    53 ||    53
Dodge: Dodged            |    60 |    27 |    61 |   220 |   296 |   407 |   350 |   370 |   774 ||  2565
Block: Other             |       |     9 |    30 |    83 |   166 |   310 |   281 |   251 |       ||  1130
       Reflection        |       |       |     8 |     5 |       |       |       |       |       ||    13
